 Dungeon Crawl Stone Soup version 0.25.1-2-g60ff931df9 (webtiles) character file.

Game seed: 6141767058429306581

363 DogServant the Stinger (level 7, 0/53 HPs)
             Began as a Formicid Venom Mage on Oct 14, 2020.
             Was a Follower of Cheibriados.
             Slain by a goblin
             ... wielding a +0 club
              (1 damage)
             ... on level 3 of the Dungeon.
             The game lasted 00:07:17 (3643 turns).

DogServant the Stinger (Formicid Venom Mage)        Turns: 3643, Time: 00:07:18

Health: 0/53       AC:  2    Str: 11 (14) XL:     7   Next: 0%
Magic:  1/11       EV: 12    Int: 17 (19) God:    Cheibriados [*.....]
Gold:   128        SH:  0    Dex: 10 (13) Spells: 5/12 levels left

rFire    . . .     SeeInvis +   d - +0 short sword
rCold    . . .     Gourm    .   (no shield)
rNeg     . . .     Faith    .   a - +0 robe
rPois    .         Spirit   .   (helmet unavailable)
rElec    .         Reflect  .   (no cloak)
rCorr    .         Harm     .   (no gloves)
MR       .....                  (no boots)
Stlth    ++........             (no amulet)
HPRegen  0.17/turn              (no ring)
MPRegen  0.12/turn              (no ring)

@: lethally poisoned (0 -> -1), very slightly contaminated, very slow
A: permanent stasis, dig shafts and tunnels, four strong arms, antennae 3
a: Dig, Shaft Self, Bend Time, Renounce Religion


You were on level 3 of the Dungeon.
You worshipped Cheibriados.
Cheibriados was aware of your devotion.
You were very hungry.

You visited 1 branch of the dungeon, and saw 4 of its levels.

You collected 128 gold pieces.

Inventory:

Hand Weapons
 d - a +0 short sword (weapon)
 r - a +0 rapier
Missiles
 p - 44 poisoned darts (quivered)
 t - 7 datura-tipped darts
Armour
 a - a +0 robe (worn)
 v - a +0 hat
Jewellery
 j - an uncursed ring of protection from cold {unknown}
 u - an uncursed amulet of regeneration {unknown}
Scrolls
 f - a scroll of identify
 h - 2 scrolls of teleportation
Potions
 l - a potion of cancellation {unknown}
 m - a potion of brilliance {unknown}
 o - a potion of berserk rage {unknown}
 w - 2 potions of curing {unknown}
Comestibles
 c - 4 rations


   Skills:
 + Level 3.7 Fighting
 - Level 1.7 Dodging
 - Level 2.4 Stealth
 - Level 3.1 Spellcasting
 - Level 2.6 Transmutations
 + Level 7.0 Poison Magic


You had 5 spell levels left.
You knew the following spells:

 Your Spells              Type           Power        Failure   Level  Hunger
a - Sting                 Tmut/Pois      ###.         2%          1    None
b - Poisonous Vapours     Pois/Air       ##....       6%          2    ##.....
c - Olgreb's Toxic Radia  Pois           ####....     10%         4    ####...

Your spell library contained the following spells:

 Spells                   Type           Power        Failure   Level  Hunger
 Ignite Poison            Fire/Tmut/Pois ##......     14%         3    ###....
 Magic Dart               Conj           #...         17%         1    None
 Mephitic Cloud           Conj/Pois/Air  ##......     21%         3    ###....
 Call Imp                 Summ           #.......     26%         2    ##.....
 Slow                     Hex            #.......     26%         2    ##.....
 Conjure Flame            Conj/Fire      #.......     45%         3    ###....
 Blink                    Tloc           Unusable     N/A         2    N/A

Dungeon Overview and Level Annotations

Branches:
Dungeon (4/15)
 Temple: D:4-7

Altars:
Cheibriados


Innate Abilities, Weirdness & Mutations

You cannot be hasted, slowed, berserked, paralysed or teleported.
You can dig through walls and to a lower floor.
Your four strong arms can wield two-handed weapons with a shield.
You have a pair of large antennae on your head. (SInv)


Message History

Okay, then.
Okay, then.
As you read the scroll labeled VIOKAK XUUCAWK, it crumbles to dust.
It is a scroll of enchant armour.
Really abort (and waste the scroll)?
Okay, then.
You feel sick. The adder misses you.
Okay, then.
As you read the scroll labeled NACUMMU ISIKHI, it crumbles to dust.
The dust glows mottled marigold!
It was a scroll of random uselessness.
The adder bites you.
* * * LOW HITPOINT WARNING * * *
The rat bites you.
* * * LOW HITPOINT WARNING * * *
The adder closely misses you.
Okay, then.
As you read the scroll labeled HUMUNW BUOMM, it crumbles to dust.
You feel blessed for a moment.
It was a scroll of remove curse.
The goblin hits you with a +0 club.
You die...

##...####
$......
......
.....
#(.. #..
# #r#.#
#@S.#
#g.....#
.......#
..####..#
..h .#
.... { ..
..... #
......


You could see an adder (poisoned), a jackal, a goblin and a rat.

Vanquished Creatures
  An ogre (D:4)
  A crimson imp (D:4)
  An orc priest (D:4)
  2 orc wizards (D:4)
  An iguana (D:2)
  4 gnolls (D:4)
  An adder (D:2)
  2 oozes
  An adder skeleton (D:4)
  A worm (D:4)
  2 dart slugs
  A leopard gecko (D:1)
  6 orcs
  6 giant cockroaches
  9 goblins
  7 hobgoblins
  4 jackals (D:1)
  5 kobolds (D:1)
  3 bats
  2 frilled lizards (D:1)
  9 rats
69 creatures vanquished.

Notes
Turn   | Place    | Note
-------+----------+-------------------------------------------
     0 | D:1      | DogServant the Formicid Venom Mage began the quest for the
                  | Orb.
     0 | D:1      | Reached XP level 1. HP: 13/13 MP: 3/3
   268 | D:1      | Reached XP level 2. HP: 19/19 MP: 5/5
   473 | D:1      | Reached XP level 3. HP: 13/24 MP: 0/7
  1428 | D:2      | Reached skill level 5 in Poison Magic
  1428 | D:2      | Reached XP level 4. HP: 17/30 MP: 4/8
  1798 | D:2      | Learned a level 2 spell: Poisonous Vapours
  1803 | D:2      | Learned a level 4 spell: Olgreb's Toxic Radiance
  2212 | D:2      | Found a snail-covered altar of Cheibriados.
  2221 | D:2      | Became a worshipper of Cheibriados the Contemplative
  2304 | D:2      | Reached XP level 5. HP: 17/36 MP: 6/9
  2498 | D:2      | Reached skill level 1 in Fighting
  2559 | D:2      | You fall into a shaft and drop 2 floors!
  3043 | D:4      | Noticed an ogre
  3061 | D:4      | Killed an ogre
  3061 | D:4      | Reached skill level 6 in Poison Magic
  3061 | D:4      | Reached XP level 6. HP: 21/46 MP: 3/10
  3291 | D:4      | Noticed a phantom
  3571 | D:4      | Reached * piety under Cheibriados
  3577 | D:4      | Reached skill level 7 in Poison Magic
  3577 | D:4      | Reached XP level 7. HP: 9/53 MP: 0/11
  3642 | D:3      | HP: 1/53 [rat (2)]
  3643 | D:3      | Slain by a goblin

Illustrated notes

Levels and vault maps discovered:
D:1:      mushboom_english_gardens, layout_loops_ring, kennysheep_doodads,
          st_stairs_11
D:2:      minmay_wonky_spiral, layout_loops_corners, kennysheep_slug_shrine
D:3:      layout_loops_cross, yredelemnul_altar_generic, old_standard_altar,
          gammafunk_ghost_necromancy, first_ration, fedhas_altar_2,
          uniq_natasha, uniq_jessica, uniq_terence
D:4:      layout_cave_pods, elyvilon_altar_5, minmay_misc_feat_doors,
          uniq_duvessa

Skill      XL: |  1  2  3  4  5  6 |
---------------+-------------------+-----
Transmutations | 2 |  2.6
Spellcasting   | 3 |  3.1
Poison Magic   | 5 6 7 |  7.0
Fighting       | 2 3 |  3.7
Dodging        | |  1.7
Stealth        | |  2.4

Action                   |  1- 3 |  4- 6 |  7- 9 || total
-------------------------+-------+-------+-------++-------
Melee: Short sword       |    64 |    61 |     1 ||   126
       Unarmed           |     4 |       |       ||     4
Throw: Dart              |       |     6 |       ||     6
 Cast: Sting             |    25 |    44 |    16 ||    85
       Olgreb's Toxic Ra |       |     4 |       ||     4
  Use: Scroll            |       |       |     4 ||     4
       Potion            |       |       |     4 ||     4
 Stab: Sleeping          |     5 |     1 |       ||     6
  Eat: Chunk             |     2 |     7 |       ||     9
Armor: Robe              |     8 |     9 |     1 ||    18
Dodge: Dodged            |    47 |    72 |     6 ||   125
